 Dungeon Crawl Stone Soup version 0.25-a0-263-g9d16a9d099 (webtiles) character file.

Game seed: 13462971176762026222, levelgen mode: deterministic

337 Essalna the Skirmisher (level 6, -8/49 HPs)
             Began as a Demonspawn Berserker on Dec 7, 2019.
             Was a Priest of Trog.
             Mangled by Menkaure (11 damage)
             ... on level 4 of the Dungeon.
             The game lasted 00:08:35 (2476 turns).

Essalna the Skirmisher (Demonspawn Berserker)       Turns: 2476, Time: 00:08:35

Health: -8/49      AC:  9    Str: 19    XL:     6   Next: 28%
Magic:  6/6        EV:  8    Int:  8    God:    Trog [***...]
Gold:   188        SH:  0    Dex: 13    Spells: 5/5 levels left

rFire    . . .     SeeInvis .   a - +0 falchion
rCold    + . .     Gourm    .   (no shield)
rNeg     . . .     Faith    .   k - +0 chain mail
rPois    .         Spirit   .   (helmet restricted)
rElec    .         Reflect  .   (no cloak)
rCorr    .         Harm     .   (no gloves)
MR       .....                  (no boots)
Stlth    ..........             (no amulet)
HPRegen  0.16/turn              (no ring)
MPRegen  0.10/turn              (no ring)

@: no status effects
A: claws 1, hooves 1, horns 1, cold resistance 1
a: Berserk, Trog's Hand, Renounce Religion


You were on level 4 of the Dungeon.
You worshipped Trog.
Trog was most pleased with you.
You were not hungry.

You visited 1 branch of the dungeon, and saw 4 of its levels.

You collected 188 gold pieces.

Inventory:

Hand Weapons
 a - a +0 falchion (weapon)
Armour
 b - a +0 animal skin
 e - a +0 ring mail
 k - a +0 chain mail (worn)
Scrolls
 d - 3 scrolls of fear {unknown}
 f - 7 scrolls of identify {unknown}
 i - a scroll of blinking {unknown}
Potions
 h - a potion of heal wounds {unknown}
 j - 2 potions of curing {unknown}
 l - a potion of brilliance {unknown}
Comestibles
 c - 6 rations


   Skills:
 + Level 4.7 Fighting
 + Level 4.3 Long Blades
 + Level 3.8 Armour
 - Level 1.7 Dodging


You had 5 spell levels left.
You didn't know any spells.
Your spell library was empty.

Dungeon Overview and Level Annotations

Branches:
Dungeon (4/15)
 Temple: D:4-7

Altars:
Uskayaw

Annotations:
D:4 Menkaure


Innate Abilities, Weirdness & Mutations

You have sharp fingernails.
You have large cloven feet.
You have a pair of small horns on your head.
Your flesh is cold resistant. (rC+)


Message History

Things that are here:
a howler monkey corpse; a worker ant corpse; a howler monkey corpse You barely miss Menkaure.
You kick Menkaure, but do no damage. Menkaure hits you but does no damage.
You slash Menkaure! You kick Menkaure. You headbutt Menkaure.
Menkaure is severely damaged.
Menkaure calls on the powers of darkness!
Your body is wracked with pain!
* * * LOW HITPOINT WARNING * * *
You hit Menkaure but do no damage.
Menkaure is severely damaged.
An orc comes into view. It is wielding a +0 short sword.
Menkaure casts a spell at you. Pain shoots through your body!
* * * LOW HITPOINT WARNING * * *
You hit Menkaure. You kick Menkaure, but do no damage.
Menkaure is severely damaged.
A worker ant comes into view.
Menkaure hits you!
You die...

#### ..... ...## ......
....#.
###########...... .
#.......@M....o....#..#
##.######........(.....
##.######.......
#..a.h..........
#..##...a.......
##..##.###.......
.........<#.....##
##................
##..##.###.......


You could see Menkaure, a worker ant and an orc.

Vanquished Creatures
  2 howler monkeys (D:4)
  A centaur skeleton (D:4)
  An orc wizard (D:3)
  A worker ant (D:4)
  8 adders
  An ooze (D:3)
  4 worms
  5 dart slugs
  3 leopard geckos (D:3)
  12 orcs (D:3)
  A ball python (D:2)
  2 giant cockroaches
  7 goblins
  11 hobgoblins
  4 jackals
  5 kobolds
  3 quokkas (D:2)
  6 bats
  4 frilled lizards
  10 rats
91 creatures vanquished.

Vanquished Creatures (others)
  A hobgoblin (D:3)
1 creature vanquished.

Grand Total: 92 creatures vanquished

Notes
Turn   | Place    | Note
-------+----------+-------------------------------------------
     0 | D:1      | Essalna the Demonspawn Berserker began the quest for the
                  | Orb.
     0 | D:1      | Reached XP level 1. HP: 18/18 MP: 1/1
   137 | D:1      | Gained mutation: You have a pair of small horns on your
                  | head. [demonic ancestry]
   137 | D:1      | Reached XP level 2. HP: 20/24 MP: 2/2
   838 | D:2      | Reached ** piety under Trog
   847 | D:2      | Found a hide-covered altar of Uskayaw.
   847 | D:2      | Noticed a +0 hand axe
   847 | D:2      | Noticed a +0 hand axe
   935 | D:2      | Gained mutation: You have large cloven feet. [demonic
                  | ancestry]
   935 | D:2      | Reached XP level 3. HP: 25/29 MP: 3/3
  1131 | D:2      | Gained mutation: Your flesh is cold resistant. (rC+)
                  | [demonic ancestry]
  1131 | D:2      | Reached XP level 4. HP: 37/37 MP: 4/4
  1325 | D:2      | You fall into a shaft and drop 1 floor!
  1400 | D:3      | Reached *** piety under Trog
  1592 | D:3      | Reached XP level 5. HP: 26/42 MP: 5/5
  2208 | D:3      | Found a faded altar of an unknown god.
  2463 | D:4      | Gained mutation: You have sharp fingernails. [demonic
                  | ancestry]
  2463 | D:4      | Reached XP level 6. HP: 44/49 MP: 6/6
  2463 | D:4      | Noticed Menkaure
  2475 | D:4      | HP: 2/49 [Menkaure/nerve-wracking pain (5)]
  2476 | D:4      | Mangled by Menkaure

Levels and vault maps discovered:
D:1:      evilmike_arrival_rings, layout_loops_ring, minmay_splitting_lines
D:2:      layout_loops_ring, dancing_weapons_uskayaw
D:3:      minmay_chambers_of_threes, layout_rooms,
          chequers_ecumenical_altar_grove, first_ration, minmay_crystal_water
D:4:      layout_basic, uniq_menkaure

Skill      XL: |  1  2  3  4  5 |
---------------+----------------+-----
Armour         | 2 3 |  3.8
Long Blades    | 3 4 |  4.3
Fighting       | 4 |  4.7
Dodging        | |  1.7

Action                   |  1- 3 |  4- 6 || total
-------------------------+-------+-------++-------
Melee: Falchion          |    91 |   146 ||   237
       Headbutt          |    15 |    30 ||    45
       Kick              |    12 |    39 ||    51
  Eat: Chunk             |     1 |     4 ||     5
Armor: Animal skin       |     5 |       ||     5
       Ring mail         |    14 |    14 ||    28
       Chain mail        |       |    40 ||    40
Dodge: Dodged            |    53 |    61 ||   114
       Rpst.: Falchion   |    16 |    23 ||    39

Table legend:
 A = Non-vault XP
 B = Vault XP
 C = Vault XP percentage of total XP
 D = Non-vault monster count
 E = Vault monster count
 F = Vault count percentage of total count
                 A         B        C        D         E       F
            +---------+---------+-------+---------+---------+-------
      Total |     457 |      25 |   5.2 |      80 |      11 |  12.1
            +---------+---------+-------+---------+---------+-------
        D:1 |      28 |       0 |   0.0 |      17 |       0 |   0.0
        D:2 |      91 |       0 |   0.0 |      28 |       0 |   0.0
        D:3 |     180 |      25 |  12.2 |      31 |      11 |  26.2
        D:4 |     158 |       0 |   0.0 |       4 |       0 |   0.0
            +---------+---------+-------+---------+---------+-------
